 Dungeon Crawl Stone Soup version 0.28-a0-1415-g7c84da036a (console) character file.

Game seed: 2309587002504521268

284 petzl the Vexing (level 6, -2/24 (46) HPs)
             Began as a Formicid Arcane Marksman on Jan 7, 2022.
             Slain by a centaur (5 damage)
             ... on level 11 of the Dungeon.
             The game lasted 00:22:31 (3977 turns).

petzl the Vexing (Formicid Arcane Marksman)         Turns: 3977, Time: 00:22:32

HP:   -2/24 (46)    AC:  6    Str: 14    XL:     6   Next: 54%
MP:   9/9           EV: 11    Int: 15    God:
Gold: 125           SH:  0    Dex: 11    Spells: 8/9 levels left

rFire   . . .      SeeInvis +   a - +0 short sword
rCold   . . .      Faith    .   (no shield)
rNeg    . . .      Spirit   .   h - +0 ring mail
rPois   .          Reflect  .   (helmet unavailable)
rElec   .          Harm     .   k - +0 cloak
rCorr   .          Rampage  .   (no gloves)
Will    .....                   (no boots)
Stlth   +.........              g - amulet of regeneration
HPRegen 0.88/turn               (no ring)
MPRegen 0.11/turn               (no ring)

@: very heavily drained
A: permanent stasis, dig shafts and tunnels, antennae 3, four strong arms
a: Dig, Shaft Self


You were on level 11 of the Dungeon.
You visited 1 branch of the dungeon, and saw 8 of its levels.

You collected 216 gold pieces.
You spent 91 gold pieces at shops.

Inventory:

Hand Weapons
 a - a +0 short sword (weapon)
 b - a +0 hand crossbow
Missiles
 c - 8 bolts
 n - 25 poisoned darts (quivered)
Armour
 h - a +0 ring mail (worn)
 k - a +0 cloak (worn)
 o - a +0 tower shield
Jewellery
 g - an amulet of regeneration (around neck)
 q - a ring of fire
Scrolls
 f - 3 scrolls of enchant armour {unknown}
 l - a scroll of teleportation
Potions
 d - 2 potions of berserk rage
 e - 2 potions of degeneration {unknown}
 i - 2 potions of lignification
 j - a potion of flight
 m - a potion of curing
 p - a potion of mutation {unknown}
 r - a potion of brilliance {unknown}


   Skills:
 + Level 2.6 Fighting
 * Level 1.8 Short Blades
 + Level 3.0 Crossbows
 + Level 2.1 Armour
 + Level 2.6 Dodging
 + Level 2.9 Stealth
 + Level 2.4 Spellcasting
 - Level 3.6 Hexes


You had 8 spell levels left.
You knew the following spells:

 Your Spells              Type           Power      Damage    Failure   Level
a - Slow                  Hex            48%        N/A       10%         1

Your spell library contained the following spells:

 Spells                   Type           Power      Damage    Failure   Level
 Summon Small Mammal      Summ           4%         N/A       38%         1
 Inner Flame              Hex/Fire       7%         N/A       52%         3
 Portal Projectile        Hex/Tloc       14%        N/A       52%         3
 Summon Guardian Golem    Hex/Summ       7%         N/A       52%         3
 Cause Fear               Hex            6%         N/A       67%         4
 Call Canine Familiar     Summ           1%         N/A       77%         3
 Summon Lightning Spire   Summ/Air       1%         N/A       99%         4
 Storm Form               Tmut/Air       0%         N/A       100%        7
 Maxwell's Capacitive Co  Air            0%         ∞         100%        8


Dungeon Overview and Level Annotations

Branches:
Dungeon (12/15)
 Temple: D:4-7         Lair: D:8-11         Orc: D:9-12

Altars:

Shops:
D:2 *

Annotations:
D:4 Blork the orc, Sigmund
D:11 exclusion: kobold demonologist
D:12 exclusion: vampire


Innate Abilities, Weirdness & Mutations

You cannot be hasted, slowed, berserked, paralysed or teleported.
You can dig through walls and to a lower floor.
You have a pair of large antennae on your head. (SInv)
Your four strong arms can wield two-handed weapons with a shield.


Message History

It is covered in frost.
The centaur shoots an arrow.
The arrow hits you. The arrow freezes you.
You hear a shout! x2
The centaur shoots an arrow.
The arrow closely misses you.
The centaur shoots an arrow.
The arrow hits you! The arrow freezes you.
You extend your mandibles.
You dig through the rock wall.
You feel drained.
You dig through the rock wall.
You feel drained.
You dig through the rock wall.
You feel drained.
You dig through the rock wall.
You feel drained.
You dig through the rock wall.
You feel drained.
Unknown command.
Press: ? - help, . - travel You can't see that place. [a stone staircase leading up.] Unknown command.
Unknown command.
Unknown command.
Unknown command.
Unknown command.
You dig through the rock wall.
You feel drained.
You dig through the rock wall.
You feel drained.
You dig through the rock wall.
You feel drained. 2 centaurs come into view.
The centaur shouts! x4
The centaur wields a +1 vorpal shortbow.
The centaur shoots an arrow.
The arrow hits you.
The centaur wields a +0 shortbow.
The centaur shoots an arrow.
The arrow barely misses you.
The centaur wields a +0 shortbow.
The centaur shoots an arrow.
The arrow closely misses you.
The centaur hits you but does no damage.
The centaur kicks you.
You retract your mandibles.
The centaur shoots an arrow.
The arrow hits you.
The centaur shoots an arrow.
The arrow closely misses you.
The centaur wields a +0 shortbow.
The centaur shoots an arrow.
The arrow barely misses you.
The centaur shoots an arrow.
The arrow hits you!
* * * LOW HITPOINT WARNING * * *
x2 The centaur misses you.
The centaur kicks you but does no damage.
The centaur shoots an arrow.
The arrow hits you.
* * * LOW HITPOINT WARNING * * *
There is a stone staircase leading up here.
Unknown command.
Unknown command.
The centaur hits you.
You die...

##### #.... #.... #.... #..c.
#....########## #
#..c.@cc......###### ##
#..c.c#######......##########.
#....#.#.#.#.#####............
#....##.#.#.## ###########..
##.## ####### #.. #. ##. # ##
{ { ##+# #..#


You could see 6 centaurs.

Vanquished Creatures
  A centaur zombie (D:3)
  2 hounds
  An orc priest (D:4)
  An orc wizard (D:4)
  7 adders
  An adder skeleton (D:4)
  An orc (D:4)
  9 endoplasms
  8 giant cockroaches
  4 goblins
  4 hobgoblins
  6 jackals
  2 quokkas (D:1)
  4 ball pythons
  6 bats
  A frilled lizard (D:2)
  6 kobolds
  4 rats
68 creatures vanquished.

Notes
Turn   | Place    | Note
-------+----------+-------------------------------------------
     0 | D:1      | petzl the Formicid Arcane Marksman began the quest for the
                  | Orb.
     0 | D:1      | Reached XP level 1. HP: 15/15 MP: 2/2
   126 | D:1      | Reached XP level 2. HP: 21/21 MP: 3/3
   248 | D:1      | Found a faded altar of an unknown god.
   340 | D:1      | Reached skill level 1 in Stealth
   507 | D:1      | Reached XP level 3. HP: 26/26 MP: 5/5
  1010 | D:2      | Reached skill level 1 in Armour
  1087 | D:2      | Found Acwesaec's Assorted Antiques.
  1126 | D:2      | Reached XP level 4. HP: 33/33 MP: 6/6
  1142 | D:2      | Bought a sedimented emerald potion for 22 gold pieces
  1142 | D:2      | Bought a scroll labelled KIENAE DEUL for 25 gold pieces
  1210 | D:2      | Bought a yellow potion for 22 gold pieces
  1887 | D:2      | Bought a yellow potion for 22 gold pieces
  2168 | D:3      | Reached XP level 5. HP: 33/36 MP: 6/8
  2669 | D:3      | Reached skill level 1 in Short Blades
  2691 | D:3      | Noticed a phantom
  3221 | D:4      | Reached XP level 6. HP: 37/44 MP: 7/9
  3295 | D:4      | Noticed Sigmund
  3376 | D:4      | Noticed Blork the orc
  3492 | D:4      | You fall into a shaft and drop 2 floors!
  3497 | D:6      | Noticed a water moccasin
  3501 | D:6      | You fall into a shaft and drop 3 floors!
  3539 | D:9      | Noticed a shadow
  3544 | D:9      | Noticed an orc warrior
  3582 | D:9      | You fall into a shaft and drop 3 floors!
  3672 | D:12     | Noticed a vampire
  3796 | D:11     | Noticed a kobold demonologist
  3977 | D:11     | Slain by a centaur

Illustrated notes

Levels and vault maps discovered:
D:1:      scummos_arrival_forest, layout_basic,
          shapermc_ecumenical_altar_flowoftime, hangedman_glass_teeth
D:2:      layout_basic, serial_shops, nicolae_shop_overgrown_old_shop
D:3:      layout_loops_cross
D:4:      layout_loops_ring, minmay_strange_pillars, uniq_blork_the_orc,
          uniq_sigmund, uniq_natasha
D:6:      layout_basic
D:9:      layout_loops_ring, nicolae_overflow_crystal_walls
D:11:     layout_roguey, gauntlet_entry_generic, chequers_serial_rivers_micro_c
D:12:     layout_rooms, chequers_serial_rivers_small_a, minmay_nine_imps

Skill      XL: |  1  2  3  4  5  6 |
---------------+-------------------+-----
Stealth        | 1 2 |  2.9
Dodging        | 2 |  2.6
Armour         | 1 2 |  2.1
Fighting       | 2 |  2.6
Spellcasting   | 2 |  2.4
Short Blades   | 1 |  1.8
Crossbows      | 3 |  3.0
Hexes          | |  3.6

Action                   |  1- 3 |  4- 6 || total
-------------------------+-------+-------++-------
Melee: Dagger            |     8 |    51 ||    59
       Short sword       |       |   225 ||   225
       Punch             |       |     1 ||     1
 Fire: Hand crossbow     |    69 |    21 ||    90
Throw: Dart              |       |     2 ||     2
 Cast: Slow              |     1 |    29 ||    30
 Abil: Dig               |       |     7 ||     7
       Shaft Self        |       |     3 ||     3
  Use: Potion            |       |     5 ||     5
       Scroll            |       |     3 ||     3
 Stab: Sleeping          |       |     1 ||     1
Armor: Robe              |     2 |       ||     2
       Ring mail         |     4 |    98 ||   102
       Skin              |       |    24 ||    24
Dodge: Dodged            |    18 |   171 ||   189

Table legend: (Time is in decaauts)
 A = Elapsed time spent in this place.
 B = Non-inter-level travel time spent in this place.
 C = Inter-level travel time spent in this place.
 D = Time resting spent in this place.
 E = Time spent auto-exploring this place.
 F = Levels seen in this place.
 G = Mean time per level.
                   A        B        C        D        E       F      G
               +--------+--------+--------+--------+--------+-----+--------+
         Total |   4021 |   3577 |    444 |    280 |   1551 |   8 |  502.6 |
       Dungeon |   4021 |   3577 |    444 |    280 |   1551 |   8 |  502.6 |
               +--------+--------+--------+--------+--------+-----+--------+

Top non-repeatable levels by time:
     D:3: 1178 daAuts
     D:2: 1154 daAuts
     D:1: 908 daAuts
     D:4: 294 daAuts
    D:11: 239 daAuts
    D:12: 156 daAuts
     D:9: 80 daAuts
     D:6: 8 daAuts
